 Dungeon Crawl Stone Soup version 0.27-a0-1065-ge809cff456 (webtiles) character file.

Game seed: 6402388909093287947

5427 kae the Grappler (level 10, -13/107 HPs)
             Began as a Black Draconian Transmuter on Apr 22, 2021.
             Was a Priest of Ru.
             Mangled by a two-headed ogre
             ... wielding a +0 giant club
              (22 damage)
             ... on level 9 of the Dungeon.
             The game lasted 00:07:57 (11949 turns).

kae the Grappler (Black Draconian Transmuter)      Turns: 11949, Time: 00:07:57

Health: -13/107    AC:  7    Str: 15    XL:     10   Next: 40%
Magic:  0/17       EV:  9    Int: 15    God:    Ru [***...]
Gold:   389        SH:  0    Dex: 11    Spells: 6/19 levels left

rFire    . . .     SeeInvis .     - Unarmed
rCold    . . .     Faith    .   (shield currently unavailable)
rNeg     + . .     Spirit   +   (armour unavailable)
rPois    +         Reflect  .   (helmet currently unavailable)
rElec    .         Harm     .   (cloak currently unavailable)
rCorr    .         Rampage  .   (gloves currently unavailable)
Will     .....                  (boots currently unavailable)
Stlth    +.........             a - amulet of guardian spirit
HPRegen  0.27/turn              f - ring of positive energy
MPRegen  0.15/turn              i - ring of wizardry

@: hydra-form, unable to drink
A: fast swimmer, devour, amphibious, boosted hp, no potions, (breathe
lightning), AC +7, very large, unfitting armour, (electricity resistance),
(cold-blooded), inability to drink while threatened, inability to use devices
a: End Transformation, Renounce Religion, Draw Out Power


You were on level 9 of the Dungeon.
You worshipped Ru.
Ru was most pleased with you.
You were a three-headed hydra.
You visited 2 branches of the dungeon, and saw 10 of its levels.
You also visited: Sewer.

You collected 389 gold pieces.

Inventory:

Missiles
 g - a throwing net
 q - a curare-tipped dart
Jewellery
 a - an amulet of guardian spirit (around neck)
 f - a ring of positive energy (left foreclaw)
 h - a ring of fire
 i - a ring of wizardry (right foreclaw)
 r - the ring of Shadows {Umbra +Inv Stlth+}
   (You found it on level 9 of the Dungeon)

   [ring of stealth]

   It lets you turn invisible.
   It makes you more stealthy.
 u - an amulet of reflection
Scrolls
 e - 6 scrolls of teleportation
 o - a scroll of vulnerability {unknown}
 s - 2 scrolls of amnesia
 t - a scroll of immolation {unknown}
Potions
 b - a potion of haste
 c - 2 potions of curing
 d - a potion of berserk rage
 j - 4 potions of heal wounds
 k - a potion of cancellation
 l - a potion of might {unknown}
 m - a potion of mutation
 n - a potion of lignification
 p - 4 potions of flight {unknown}


   Skills:
 + Level 6.0 Fighting
 + Level 5.2 Dodging
 * Level 8.6 Unarmed Combat
 + Level 5.2 Spellcasting
 * Level 8.1 Transmutations
 - Level 4.0 Ice Magic
 - Level 3.0 Poison Magic


You had 6 spell levels left.
You knew the following spells:

 Your Spells              Type           Power      Damage    Failure   Level
a - Beastly Appendage     Tmut           56%        N/A       1%          1
b - Spider Form           Tmut/Pois      10%        N/A       1%          3
c - Ice Form              Ice/Tmut       22%        N/A       5%          4
d - Hydra Form            Tmut           14%        N/A       6%          5

Your spell library contained the following spells:

 Spells                   Type           Power      Damage    Failure   Level
 Wereblood                Tmut           28%        N/A       1%          2
 Animate Skeleton         Necr           6%         N/A       6%          1
 Apportation              Tloc           6%         N/A       6%          1
 Corona                   Hex            3%         N/A       6%          1
 Summon Small Mammal      Summ           12%        N/A       6%          1


Dungeon Overview and Level Annotations

Branches:
Dungeon (9/15)             Temple (1/1) D:5           Sewer (visited)
   Lair: D:8-11         Orc: D:9-12

Altars:
Ashenzari
Cheibriados
Dithmenos
Elyvilon
Fedhas
Gozag
Hepliaklqana
Kikubaaqudgha
Makhleb
Nemelex Xobeh
Okawaru
Qazlal
Ru
Sif Muna
Trog
Uskayaw
Vehumet
Wu Jian
Xom
Yredelemnul
Zin
The Shining One


Innate Abilities, Weirdness & Mutations

You are a three-headed hydra.
You swim very quickly.
You can devour living enemies to heal.
You are amphibious.
Your maximum health is greatly increased.
Your armour is entirely melded.
You are incapable of wielding weapons or throwing items.
You cannot drink.
((You can breathe wild blasts of lightning.))
((Your glossy black scales are hard. (AC +7)))
You cannot fit into any form of body armour.
((You are resistant to electric shocks. (rElec)))
((You are cold-blooded and may be slowed by cold attacks.))
You sometimes lose the ability to drink potions when taking damage.
You cannot study or use magical devices.


Message History

You nip at Erolcha but do no damage.
Erolcha is moderately wounded.
Erolcha is stunned by your conviction and fails to attack.
You bite Erolcha!
Erolcha is severely wounded.
The centaur wields a +0 shortbow.
The centaur shoots an arrow.
The arrow hits you!
You feel threatened and lose the ability to drink potions!
Erolcha closely misses you.
You nip at Erolcha.
Erolcha is severely wounded.
You nip at Erolcha but do no damage.
Erolcha is severely wounded.
Erolcha points at herself and mumbles some strange words.
Erolcha flickers and vanishes!
Deactivating autopickup; reactivate with Ctrl-A.
You gouge something!!
You devour something!
It tastes like ogre.
You feel better.
Reactivating autopickup.
You feel a bit more experienced.
A gnoll sergeant comes into view. It is wielding a +2 vorpal spear.
Your Fighting skill increases to level 6!
Your Transmutations skill increases to level 8!
Unknown command.
The gnoll sergeant shouts!
You hear a shout!
A centaur comes into view. It is wielding a +0 mace.
Found +0 acid dragon scales.
A boulder beetle comes into view.
The two-headed ogre hits you with a +0 giant club!! x2
A troll comes into view.
You bite the two-headed ogre!
The two-headed ogre is severely wounded.
The two-headed ogre hits you with a +0 giant club!!
* * * LOW HITPOINT WARNING * * *
The two-headed ogre misses you.
You bite the two-headed ogre!
The two-headed ogre is almost dead.
A vampire mosquito comes into view.
The two-headed ogre hits you with a +0 giant club!!
You die... #..## #...# #.y #>..# #.T ... #...# #.. ... #..## ### ..# ..# #..# ....#.g ..# #..# ...cBZZ

.. #.## #####.cO##.## #.#
####...####D#..#####
##.###.........##.......#
..........##......)......
..........#.............#
..........+.#####.......#
..<.......### #.......#
..........# #...$...#
..........# #########
###########


You could see a boulder beetle, a two-headed ogre, a troll, a vampire mosquito
(wandering), a gnoll sergeant, 2 centaurs, a centaur zombie and a howler monkey
zombie.

Vanquished Creatures
  Erolcha (D:9)
  A two-headed ogre (D:8)
  Sigmund (D:5)
  A wyvern (D:7)
  A steam dragon (D:9)
  A water moccasin (D:6)
  An orc warrior (D:9)
  2 ice beasts
  4 sky beasts
  2 black bears
  An ogre (D:5)
  A necrophage (D:8)
  4 centaurs
  2 kobold brigands
  3 bullfrogs
  A wyvern zombie (D:8)
  A gnoll sergeant (D:8)
  2 scorpions
  A water moccasin skeleton (D:5)
  5 killer bees (D:7)
  A wight (D:8)
  A bullfrog zombie (D:7)
  2 hounds (D:5)
  5 orc priests
  4 centaur zombies
  A gnoll shaman (D:6)
  5 jellies
  A bullfrog skeleton (D:5)
  An iguana (D:4)
  5 orc wizards
  A howler monkey zombie (D:8)
  A howler monkey skeleton (D:7)
  8 gnolls
  12 adders
  2 shadow imps (D:5)
  3 white imps
  2 ufetubi
  2 dart slugs
  15 orcs
  8 bats
  8 endoplasms
  4 giant cockroaches
  8 goblins
  11 hobgoblins
  13 jackals
  32 kobolds
  6 quokkas
  7 ball pythons
  10 frilled lizards
  5 rats
220 creatures vanquished.

Vanquished Creatures (others)
  An acid dragon (D:9)
  An orc wizard (D:9)
  A white imp (D:8)
  2 plants (Sewer)
5 creatures vanquished.

Grand Total: 225 creatures vanquished

Notes
Turn   | Place    | Note
-------+----------+-------------------------------------------
     0 | D:1      | kae the Draconian Transmuter began the quest for the Orb.
     0 | D:1      | Reached XP level 1. HP: 16/16 MP: 3/3
   239 | D:1      | Reached XP level 2. HP: 21/23 MP: 3/5
   451 | D:1      | Found a faded altar of an unknown god.
   910 | D:1      | Reached XP level 3. HP: 28/28 MP: 6/6
   914 | D:1      | Learned a level 3 spell: Spider Form
  1440 | D:2      | Reached XP level 4. HP: 17/35 MP: 2/7
  1448 | D:2      | Reached skill level 1 in Poison Magic
  2859 | D:3      | Reached XP level 5. HP: 32/41 MP: 0/8
  3508 | D:4      | Learned a level 4 spell: Ice Form
  3516 | D:4      | You fall into a shaft and drop 1 floor!
  3516 | D:5      | Entered Level 5 of the Dungeon
  3536 | D:5      | Reached XP level 6. HP: 13/50 MP: 1/9
  3890 | D:5      | Reached skill level 1 in Ice Magic
  3975 | D:5      | Found a glowing drain.
  3984 | Sewer    | Entered a sewer
  4665 | Sewer    | Your scales start taking on a glossy black colour.
  4665 | Sewer    | Reached XP level 7. HP: 56/56 MP: 7/11
  4665 | Sewer    | Gained mutation: You are resistant to electric shocks.
                  | (rElec) [Black Draconian growth]
  5497 | D:5      | Found a staircase to the Ecumenical Temple.
  5528 | Temple   | Entered the Ecumenical Temple
  5707 | Temple   | Became a worshipper of Ru the Awakened
  5769 | D:5      | Noticed Sigmund
  5786 | D:5      | Killed Sigmund
  5787 | D:5      | Reached skill level 5 in Unarmed Combat
  6837 | D:4      | Reached XP level 8. HP: 63/63 MP: 8/12
  7481 | D:4      | Learned a level 5 spell: Hydra Form
  7632 | D:5      | Gained mutation: You cannot study or use magical devices.
                  | [Ru sacrifice]
  7632 | D:5      | Reached * piety under Ru
  7632 | D:5      | Reached ** piety under Ru
  8129 | D:6      | Reached skill level 5 in Transmutations
  8894 | D:7      | Reached XP level 9. HP: 66/71 MP: 5/14
 10184 | D:8      | Reached skill level 5 in Fighting
 10207 | D:8      | Noticed a two-headed ogre
 10214 | D:8      | Killed a two-headed ogre
 10787 | D:8      | Reached XP level 10. HP: 56/81 MP: 5/17
 10877 | D:8      | Gained mutation: You sometimes lose the ability to drink
                  | potions when taking damage. [Ru sacrifice]
 10877 | D:8      | Reached *** piety under Ru
 11124 | D:8      | Reached skill level 5 in Dodging
 11124 | D:8      | Reached skill level 5 in Spellcasting
 11570 | D:9      | Found the ring of Shadows {Umbra +Inv Stlth+}
 11711 | D:9      | Found a shimmering altar of Xom.
 11932 | D:9      | Noticed Erolcha
 11937 | D:9      | Noticed a two-headed ogre
 11945 | D:9      | Killed Erolcha
 11947 | D:9      | Noticed a boulder beetle
 11949 | D:9      | Mangled by a two-headed ogre

Illustrated notes

Levels and vault maps discovered:
D:1:      dpeg_chamrin_arrival_tetris, layout_basic,
          hellmonk_ecumenical_altar_leap_of_faith
D:2:      layout_basic
D:3:      layout_basic, minmay_misc_feat_diagonals
D:4:      kennysheep_six_static_rooms, layout_basic,
          hangedman_decor_diamond_cutter
D:5:      layout_gridville, minmay_temple_entry_trees, portal_sewer_entry_d,
          st_stairs_5, uniq_sigmund
D:6:      layout_rooms
D:7:      layout_basic
D:8:      minmay_octagon_keep, layout_basic, chequers_mini_garden
D:9:      layout_roguey, kennysheep_mini, minmay_pinched_square, uniq_erolcha
Temple:   kilobyte_greek_temple

Skill      XL: |  1  2  3  4  5  6  7  8  9 10 |
---------------+-------------------------------+-----
Dodging        | 2 3 4 5 |  5.2
Poison Magic   | 1 2 3 |  3.0
Fighting       | 2 3 4 5 6 |  6.0
Unarmed Combat | 4 5 6 7 8 |  8.6
Transmutations | 3 4 5 7 8 |  8.1
Ice Magic      | 1 2 4 |  4.0
Spellcasting   | 3 4 5 |  5.2

Action                   |  1- 3 |  4- 6 |  7- 9 | 10-12 || total
-------------------------+-------+-------+-------+-------++-------
Melee: Unarmed           |   116 |   213 |   311 |    74 ||   714
       Kick              |    20 |    17 |       |       ||    37
       Tailslap          |    11 |     9 |    10 |       ||    30
       Headbutt          |     8 |    11 |     1 |       ||    20
       Punch             |       |     2 |     2 |       ||     4
 Cast: Beastly Appendage |    22 |    16 |     1 |       ||    39
       Spider Form       |       |    11 |    23 |       ||    34
       Ice Form          |       |       |    15 |     8 ||    23
       Hydra Form        |       |       |       |     1 ||     1
Invok: Sacrifice Artific |       |       |     1 |       ||     1
       Sacrifice Drink   |       |       |       |     1 ||     1
 Abil: Breathe Lightning |       |       |     3 |     1 ||     4
  Use: Scroll            |       |     6 |     9 |     1 ||    16
       Potion            |       |     2 |     1 |       ||     3
 Stab: Sleeping          |     1 |     1 |     1 |       ||     3
       Distracted        |       |       |     1 |       ||     1
Armor: Skin              |    45 |    48 |   103 |    20 ||   216
Dodge: Dodged            |   107 |   153 |   267 |    32 ||   559

Table legend: (Time is in decaauts)
 A = Elapsed time spent in this place.
 B = Non-inter-level travel time spent in this place.
 C = Inter-level travel time spent in this place.
 D = Time resting spent in this place.
 E = Time spent auto-exploring this place.
 F = Levels seen in this place.
 G = Mean time per level.
                   A        B        C        D        E       F      G
               +--------+--------+--------+--------+--------+-----+--------+
         Total |  12063 |  11829 |    234 |   1246 |   8879 |  11 | 1096.6 |
       Dungeon |  10225 |  10034 |    191 |   1244 |   7329 |   9 | 1136.1 |
        Temple |    219 |    176 |     43 |      0 |    168 |   1 |  219.0 |
         Sewer |   1618 |   1618 |      0 |      2 |   1382 |   1 | 1618.0 |
               +--------+--------+--------+--------+--------+-----+--------+

Top non-repeatable levels by time:
     D:5: 1652 daAuts
   Sewer: 1618 daAuts
     D:1: 1608 daAuts
     D:8: 1396 daAuts
     D:4: 1320 daAuts
     D:7: 1048 daAuts
     D:3: 930 daAuts
     D:2: 910 daAuts
     D:9: 688 daAuts
     D:6: 670 daAuts
  Temple: 219 daAuts
